 Dungeon Crawl Stone Soup version 0.30-a0-1164-ge08a67761e (webtiles) character file.

Game seed: 883441493226142539

86 roxyxy the Digger (level 4, 0/24 HPs)
             Began as a Gargoyle Earth Elementalist on Apr 29, 2023.
             Was a Priest of Jiyva.
             Hit by a boomerang thrown by an orc (2 damage)
             ... on level 4 of the Dungeon.
             The game lasted 00:28:49 (3673 turns).

roxyxy the Digger (Gargoyle Earth Elementalist)     Turns: 3673, Time: 00:28:50

Health: 0/24       AC:  4    Str: 11    XL:     4   Next: 50%
Magic:  9/9        EV: 12    Int: 18    God:    Jiyva [***...]
Gold:   71         SH:  0    Dex: 10    Spells: 8/9 levels left

rFire   . . .        c - +0 dagger
rCold   . . .        (no shield)
rNeg    + . .        a - +0 robe
rPois   ∞            (no helmet)
rElec   +            (no cloak)
rCorr   +            (no gloves)
SInv    .            (no boots)
Will    .....        (no amulet)
Stlth   ++           (no ring)
HPRegen 1.36/turn    (no ring)
MPRegen 0.46/turn

%: no passive effects
@: no status effects
A: sickness immunity, AC +3, negative energy resistance 1, electricity
resistance, torment resistance 1, petrification resistance, pseudopods 3,
tendrils
a: Renounce Religion, Oozemancy


You were on level 4 of the Dungeon.
You worshipped Jiyva.
Jiyva was most pleased with you.
You visited 1 branch of the dungeon, and saw 4 of its levels.

You collected 71 gold pieces.

Inventory:

Hand Weapons
 c - a +0 dagger (weapon)
 m - the +7 whip of Dyotodoh {freeze, rN++ Str+5 Dex+3}
   (You found it on level 3 of the Dungeon)

   Str:       It affects your strength (+5).
   Dex:       It affects your dexterity (+3).
   rN:        It greatly protects you from negative energy.
Missiles
 n - 5 poisoned darts
Armour
 a - a +0 robe (worn)
 l - a +0 robe
Scrolls
 d - 4 scrolls of identify {unknown}
 e - 2 scrolls of noise {unknown}
 g - a scroll of enchant weapon {unknown}
 h - 2 scrolls of summoning {unknown}
 j - a scroll of immolation {unknown}
 k - a scroll of teleportation {unknown}
Potions
 b - a potion of magic
 f - a potion of curing {unknown}
 i - a potion of might {unknown}


   Skills:
 + Level 1.7 Dodging
 + Level 2.5 Stealth
 + Level 3.4 Spellcasting
 + Level 0.7 Transmutations
 + Level 4.6 Earth Magic


You had 8 spell levels left.
You knew the following spells:

 Your Spells              Type           Power      Damage    Failure   Level
a - Sandblast             Erth           38%        2d10      2%          1

Your spell library contained the following spells:

 Spells                   Type           Power      Damage    Failure   Level
 Passwall                 Tmut/Erth      10%        N/A       8%          2
 Sting                    Tmut/Pois      16%        1d3       14%         1
 Stone Arrow              Conj/Erth      22%        3d8       19%         3
 Poisonous Vapours        Pois/Air       6%         N/A       24%         2
 Petrify                  Tmut/Erth      12%        N/A       45%         4
 Olgreb's Toxic Radiance  Pois           3%         N/A       83%         4


Dungeon Overview and Level Annotations

Branches:
Dungeon (4/15)
 Temple: D:4-7

Altars:
Kikubaaqudgha
Trog
The Shining One
Jiyva

Shops:
D:1 *   D:3 :


Innate Abilities, Weirdness & Mutations

You are immune to sickness and miasma.
Your stone body is resilient. (AC +3)
You are immune to poison.
You resist negative energy. (rN+)
You are resistant to electric shocks. (rElec)
You are resistant to unholy torment.
You are immune to petrification.
Armour fits poorly on your massive pseudopods.
You are covered in slimy tendrils that may disarm your opponents.


Message History

Something hits you but does no damage.
The orc hits you from afar with a +0 trident.
The orc barely misses you.
You hear some strange, mumbled words.
You are confused.
You're too confused to cast spells.
Unknown command.
You're too confused to cast spells.
You miss something. Your punch misses something. Something hits you.
Something hits you but does no damage. The orc hits you but does no damage.
You're too confused to cast spells.
You bump into the rock wall.
Something hits you. The orc hits you with a +0 short sword.
The orc closely misses you.
You're too confused to cast spells.
The orc attacks as you move away! The orc closely misses you.
You hear some strange, mumbled words.
You are more confused.
You're too confused to cast spells.
You closely miss the orc.
You're too confused to cast spells.
You bump into the rock wall.
The orc throws a boomerang.
You hit something. Something hits you.
You bump into the rock wall.
Something hits you.
You bump into the rock wall.
Something hits you.
The orc throws a boomerang.
You bump into the rock wall.
Something barely misses you.
You bump into the rock wall.
Something hits you.
You bump into the rock wall.
You feel less confused. Something hits you.
The orc throws a boomerang.
You hit something but do no damage.
You hear some strange, mumbled words.
A puff of flame appears from out of thin air!
The puff of flame hits you!
* * * LOW HITPOINT WARNING * * *
A magic dart appears from out of thin air!
The magic dart hits something!
Reactivating autopickup.
You feel a bit more experienced.
The orc throws a boomerang.
The boomerang hits you.
You die...

... .......#
##.##.#....#
....#.#....#
#....#....#
#......# #
#......# ..##.####
#......# ........#
#<.....# #. #@#
##.....#
#.##)#+#......#
#..{oo.....#..#
.#.#.......####..#
.................#
...........####.##
.....####### #...
..... ##### .#...


You could see 2 orcs.

Vanquished Creatures
  An orc wizard (D:3)
  An adder (D:3)
  2 worms
  6 orcs
  2 ball pythons
  2 giant cockroaches
  2 goblins
  A hobgoblin (D:1)
  5 jackals
  6 kobolds
  3 quokkas
  3 frilled lizards (D:1)
  A rat (D:3)
35 creatures vanquished.

Vanquished Creatures (others)
  An orc wizard (D:4)
  A dart slug (D:3)
  An orc (D:3)
  2 giant cockroaches (D:3)
  3 goblins
  5 hobgoblins
  A quokka (D:1)
  4 ball pythons
  A frilled lizard (D:3)
  7 withered plants (D:1)
26 creatures vanquished.

Grand Total: 61 creatures vanquished

Notes
Turn   | Place    | Note
-------+----------+-------------------------------------------
     0 | D:1      | roxyxy the Gargoyle Earth Elementalist began the quest for
                  | the Orb.
     0 | D:1      | Reached XP level 1. HP: 10/10 MP: 3/3
    25 | D:1      | Found a faded altar of an unknown god.
    32 | D:1      | Prayed at the altar of an unknown god.
    32 | D:1      | Became a worshipper of Jiyva Jazadgha the Shapeless
    32 | D:1      | Reached * piety under Jiyva
   138 | D:1      | Reached XP level 2. HP: 15/15 MP: 3/5
   152 | D:1      | Reached skill level 4 in Earth Magic
   303 | D:1      | Found Yntose's General Store.
   417 | D:1      | Reached ** piety under Jiyva
  1262 | D:2      | Reached XP level 3. HP: 19/19 MP: 4/6
  1572 | D:2      | Reached *** piety under Jiyva
  1721 | D:2      | Gained mutation: You are covered in slimy tendrils that may
                  | disarm your opponents. [Jiyva's grace]
  1721 | D:2      | Gained mutation: Armour fits poorly on your pseudopods.
                  | [Jiyva's grace]
  1721 | D:2      | Gained mutation: Armour fits poorly on your large
                  | pseudopods. [Jiyva's grace]
  1721 | D:2      | Gained mutation: Armour fits poorly on your massive
                  | pseudopods. [Jiyva's grace]
  1866 | D:2      | You fall into a shaft and drop 1 floor!
  2201 | D:3      | Reached XP level 4. HP: 7/24 MP: 6/8
  2321 | D:3      | Reached **** piety under Jiyva
  2327 | D:3      | Found Nuukuenn's Book Shoppe.
  2329 | D:3      | Identified the +7 whip of Dyotodoh {freeze, rN++ Str+5
                  | Dex+3}
  2344 | D:3      | Found an ancient bone altar of Kikubaaqudgha.
  2347 | D:3      | Found a glowing golden altar of the Shining One.
  2993 | D:3      | Found a bloodstained altar of Trog.
  3673 | D:4      | Hit by a boomerang thrown by an orc

Illustrated notes

Levels and vault maps discovered:
D:1:      dpeg_arrival_line_fractal, layout_basic, serial_shops,
          nicolae_shop_advertising_works [nicolae_subvault_shop_adworks],
          ebering_ecumenical_altar_petrified
D:2:      layout_basic
D:3:      layout_loops_ring, jmf_multi_god_temple, mainiacjoe_overflow_alcove_1,
          serial_shops, shop_statue, grunt_ministairs_7, kennysheep_minor_cross
D:4:      layout_basic, kennysheep_flooded_box

Skill      XL: |  1  2  3 |
---------------+----------+-----
Earth Magic    | 4 |  4.6
Spellcasting   | 3 |  3.4
Dodging        | |  1.7
Stealth        | |  2.5
Transmutations | |  0.7

Action                     |  1- 3 |  4- 6 || total
---------------------------+-------+-------++-------
  Melee: Unarmed           |     1 |       ||     1
         Dagger            |    28 |    17 ||    45
         Pseudopods        |     1 |     1 ||     2
   Cast: Sandblast         |    37 |    13 ||    50
 Invoke: Slimify           |       |     1 ||     1
         Oozemancy         |       |     1 ||     1
   Stab: Sleeping          |     1 |       ||     1
 Armour: Robe              |    10 |     9 ||    19
  Dodge: Dodged            |    28 |    20 ||    48

Table legend: (Time is in decaauts)
 A = Elapsed time spent in this place.
 B = Non-inter-level travel time spent in this place.
 C = Inter-level travel time spent in this place.
 D = Time resting spent in this place.
 E = Time spent auto-exploring this place.
 F = Levels seen in this place.
 G = Mean time per level.
                   A        B        C        D        E       F      G
               +--------+--------+--------+--------+--------+-----+--------+
         Total |   3696 |    309 |   3387 |      0 |      0 |   4 |  924.0 |
       Dungeon |   3696 |    309 |   3387 |      0 |      0 |   4 |  924.0 |
               +--------+--------+--------+--------+--------+-----+--------+

Top non-repeatable levels by time:
     D:3: 1351 daAuts
     D:2: 1197 daAuts
     D:1: 1100 daAuts
     D:4: 47 daAuts
